 Dungeon Crawl Stone Soup version 0.31.0-12-g77e489cdc1 (webtiles) character file.

Game seed: 6877993445358266110

11 DemonSlayer the Digger (level 2, -1/19 HPs)
             Began as a Demonspawn Earth Elementalist on Feb 19, 2024.
             Incinerated by a bombardier beetle (3 damage)
             ... with a burning spray
             ... on level 2 of the Dungeon.
             The game lasted 00:00:41 (551 turns).

DemonSlayer the Digger (DsEE)                        Turns: 551, Time: 00:00:42

Health: -1/19      AC:  2    Str:  8    XL:     2   Next: 17%
Magic:  5/5        EV: 12    Int: 15    God:
Gold:   33         SH:  0    Dex: 13    Spells: 4/5 levels left

rFire   . . .        f - +0 dagger
rCold   + . .        (no shield)
rNeg    . . .        a - +0 robe
rPois   .            (no helmet)
rElec   .            (no cloak)
rCorr   .            (no gloves)
SInv    .            (no boots)
Will    .....        (no amulet)
Stlth   +            d - ring of protection from cold
HPRegen 0.23/turn    (no ring)
MPRegen 0.09/turn

%: no passive effects
@: on fire, glowing
A: condensation shield
a: no special abilities


You were on level 2 of the Dungeon.
You visited 1 branch of the dungeon, and saw 2 of its levels.

You collected 33 gold pieces.

Inventory:

Hand Weapons
 f - a +0 dagger (weapon)
Armour
 a - a +0 robe (worn)
Jewellery
 d - a ring of protection from cold (left hand)
Scrolls
 c - a scroll of blinking {unknown}
 e - a scroll of noise {unknown}
 g - a scroll of identify {unknown}
Potions
 b - a potion of magic
 h - a potion of curing {unknown}


   Skills:
 + Level 1.8 Dodging
 + Level 1.8 Stealth
 + Level 2.4 Spellcasting
 + Level 1.0 Conjurations
 + Level 2.8 Earth Magic


You had 4 spell levels left.
You knew the following spells:

 Your Spells              Type           Power      Damage    Failure   Level
a - Sandblast             Erth           20%        2d7       7%          1

Your spell library contained the following spells:

 Spells                   Type           Power      Damage    Failure   Level
 Passwall                 Erth           10%        N/A       21%         3
 Stone Arrow              Conj/Erth      14%        3d7       28%         3
 Call Canine Familiar     Summ           1%         N/A       54%         3
 Sigil of Binding         Hex            1%         N/A       54%         3
 Brom's Barrelling Bould  Conj/Erth      7%         2d3       67%         4
 Petrify                  Alch/Erth      6%         N/A       75%         4
 Dimensional Bullseye     Hex/Tloc       0%         N/A       91%         4


Dungeon Overview and Level Annotations

Branches:
Dungeon (2/15)

Altars:


Innate Abilities, Weirdness & Mutations

A meltable shield of frost defends you. (SH +0)


Message History

You can't see any susceptible monsters within range! (Use Z to cast anyway.)
You can't see any susceptible monsters within range! (Use Z to cast anyway.)
You can't see any susceptible monsters within range! (Use Z to cast anyway.) HP restored.
Magic restored.
A bombardier beetle comes into view.
A bombardier beetle is nearby!
A bombardier beetle is nearby!
A bombardier beetle is nearby!
You hit the bombardier beetle but do no damage.
The bombardier beetle misses you.
You barely miss the bombardier beetle. You barely miss the bombardier beetle.
The bombardier beetle sprays incendiary fluid at you.
The burning spray hits you.
Your condensation shield dissipates!
You are covered in liquid fire!
You hit the bombardier beetle but do no damage.
The liquid fire burns you!
You hit the bombardier beetle but do no damage.
The liquid fire burns you!
The bombardier beetle sprays incendiary fluid at you.
The burning spray hits you.
You are even more covered in liquid fire!
You hit the bombardier beetle but do no damage.
The liquid fire burns you! The bombardier beetle misses you.
A giant cockroach comes into view.
You hit the bombardier beetle but do no damage.
The liquid fire burns you!
You hit the bombardier beetle.
The bombardier beetle is lightly wounded.
The liquid fire burns you!
* * * LOW HITPOINT WARNING * * *
The bombardier beetle bites you.
* * * LOW HITPOINT WARNING * * *
You hit the bombardier beetle but do no damage.
The bombardier beetle is lightly wounded.
The liquid fire burns you!
You die...

.#### .B..## # .....
.. #..####.# #.#....
. .# ###...###....
...######....@B......
#............###.....
##...........# ...
........<....# .
...#...).....#
#...)........#
##..##...##### ##
###.# #..


You could see a bombardier beetle and a giant cockroach.

Vanquished Creatures
  3 bats (D:1)
  An endoplasm (D:2)
  A giant cockroach (D:1)
  3 hobgoblins
  A ball python (D:1)
  A goblin (D:1)
  A kobold (D:2)
11 creatures vanquished.

Notes
Turn   | Place    | Note
-------+----------+-------------------------------------------
     0 | D:1      | DemonSlayer the Demonspawn Earth Elementalist began the
                  | quest for the Orb.
     0 | D:1      | Reached XP level 1. HP: 13/13 MP: 3/3
     1 | D:1      | Noticed a naga
     8 | D:1      | Noticed a spriggan
     9 | D:1      | Noticed an octopode
    11 | D:1      | Noticed a spriggan
    16 | D:1      | Noticed a spriggan
    16 | D:1      | Noticed a merfolk
    18 | D:1      | Noticed a tengu
    20 | D:1      | Noticed a vampire
   394 | D:1      | Gained mutation: A meltable shield of frost defends you.
                  | (SH +0) [demonic ancestry]
   394 | D:1      | Reached XP level 2. HP: 19/19 MP: 1/5
   538 | D:2      | Noticed a bombardier beetle
   551 | D:2      | Incinerated by a bombardier beetle

Illustrated notes

Levels and vault maps discovered:
D:1:      shiori_arrival_whats_in_store_for_you, layout_basic
D:2:      layout_rooms, basic_altar

Action                     || total
---------------------------++-------
  Melee: Dagger            ||    15
   Cast: Sandblast         ||    15
 Armour: Robe              ||     7
  Dodge: Dodged            ||    13
